 Dungeon Crawl Stone Soup version 0.25-a0-589-g1e14c549ee (webtiles) character file.

Game seed: 2721195074024893359, levelgen mode: deterministic

307 Mehrunes the Purveyor of Pain (level 6, -2/49 HPs)
             Began as a Deep Dwarf Necromancer on Mar 13, 2020.
             Was an Initiate of Kikubaaqudgha.
             Slain by an iron imp (7 damage)
             ... summoned by Eustachio
             ... on level 4 of the Dungeon.
             The game lasted 00:14:28 (4724 turns).

Mehrunes the Purveyor of Pain (DDNe)                Turns: 4724, Time: 00:14:29

Health: -2/49      AC:  2    Str: 13      XL:     6   Next: 16%
Magic:  0/11       EV: 12    Int: 16      God:    Kikubaaqudgha [......]
Gold:   205        SH:  0    Dex:  8 (13) Spells: 8/12 levels left

rFire    . . .     SeeInvis .   l - +0 war axe
rCold    . . .     Gourm    .   (no shield)
rNeg     . . .     Faith    .   a - +0 robe
rPois    .         Spirit   .   (no helmet)
rElec    .         Reflect  .   (no cloak)
rCorr    .         Harm     .   (no gloves)
MR       .....                  (no boots)
Stlth    ++........             (no amulet)
HPRegen  0.00/turn              (no ring)
MPRegen  0.12/turn              (no ring)

@: lethally poisoned (-2 -> -30), non-regenerating
A: damage resistance, heal wounds, sense surroundings 1, no regeneration
a: Heal Wounds, Renounce Religion


You were on level 4 of the Dungeon.
You worshipped Kikubaaqudgha.
Kikubaaqudgha was noncommittal.
You were hungry.

You visited 1 branch of the dungeon, and saw 4 of its levels.

You collected 205 gold pieces.

Inventory:

Hand Weapons
 b - a +0 dagger
 l - a +0 war axe (weapon)
 q - a +0 vampiric dagger
Missiles
 k - 2 throwing nets (quivered)
Armour
 a - a +0 robe (worn)
Jewellery
 o - a cursed ring of teleportation {unknown}
Wands
 m - a wand of random effects (20)
Scrolls
 d - 2 scrolls of teleportation
 g - 2 scrolls of identify {unknown}
 h - 2 scrolls of magic mapping
Potions
 e - a potion of stabbing {unknown}
 f - a potion of magic {unknown}
 i - a potion of invisibility {unknown}
 j - 2 potions of heal wounds
 n - a potion of berserk rage {unknown}
 p - a potion of haste {unknown}
Comestibles
 c - 4 rations
 r - 2 chunks of flesh


   Skills:
 + Level 2.8 Axes
 - Level 2.1 Dodging
 - Level 2.5 Stealth
 + Level 3.6 Spellcasting
 + Level 6.2 Necromancy


You had 8 spell levels left.
You knew the following spells:

 Your Spells              Type           Power        Failure   Level  Hunger
a - Pain                  Necr           ###.         1%          1    None
b - Vampiric Draining     Necr           ###.......   4%          3    ###....

Your spell library contained the following spells:

 Spells                   Type           Power        Failure   Level  Hunger
 Animate Skeleton         Necr           N/A          1%          1    None
 Animate Dead             Necr           N/A          14%         4    ####...
 Agony                    Necr           ###.....     36%         5    ######.


Dungeon Overview and Level Annotations

Branches:
Dungeon (4/15)
 Temple: D:4-7

Altars:
Kikubaaqudgha

Annotations:
D:4 Eustachio


Innate Abilities, Weirdness & Mutations

You are resistant to damage.
You can heal yourself by infusing magical energy.
You passively map a small area around you.
You do not regenerate.


Message History

* * * LOW HITPOINT WARNING * * *
You feel sick. The iron imp barely misses you. The quasit misses you.
The quasit claws you but does no damage.
The quasit closely misses you. Eustachio closely misses you.
The iron imp completely misses you.
You completely miss the quasit. You barely miss the iron imp.
You hit Eustachio. You barely miss the iron imp.
* * * LOW HITPOINT WARNING * * *
You feel very sick. The quasit bites you.
You feel clumsy.
The quasit claws you but does no damage.
The quasit closely misses you. The iron imp hits you.
Eustachio hits you with a +5 rapier of venom.
* * * LOW HITPOINT WARNING * * *
You are more poisoned.
The quasit barely misses you. The quasit misses you.
The quasit closely misses you. The iron imp hits you!
You die...
Kikubaaqudgha rasps: "You have failed me!
Welcome... death!"

.##..#.## ..#.##..###
#.#.#.<...# #...#.)...#
################..##.....#
.........gg.gg...........#
################.##......#
# #.............# #
#...5@@.......# ####
#..)5.5...##### <..#
#..))...#...# ....# *
#.#########.# #.......
...* . ####......## * * #*
#.#. , # , , , ** ,


You could see Eustachio, 2 iron imps and a quasit.

Vanquished Creatures
  A bullfrog (D:3)
  An orc priest (D:4)
  An orc wizard (D:3)
  A hound skeleton (D:4)
  Robin (D:3)
  A gnoll (D:1)
  4 adders
  An ooze (D:3)
  3 dart slugs
  2 leopard geckos
  8 orcs
  5 giant cockroaches
  20 goblins
  7 hobgoblins
  6 jackals (D:2)
  2 quokkas
  A ball python (D:3)
  8 bats
  6 frilled lizards
  9 kobolds
  8 rats
96 creatures vanquished.

Vanquished Creatures (others)
  A human (D:3)
1 creature vanquished.

Grand Total: 97 creatures vanquished

Notes
Turn   | Place    | Note
-------+----------+-------------------------------------------
     0 | D:1      | Mehrunes the Deep Dwarf Necromancer began the quest for the
                  | Orb.
     0 | D:1      | Reached XP level 1. HP: 15/15 MP: 3/3
   159 | D:1      | Reached XP level 2. HP: 22/22 MP: 0/5
   617 | D:1      | Reached XP level 3. HP: 28/28 MP: 4/6
   657 | D:1      | Reached skill level 5 in Necromancy
  1618 | D:2      | Learned a level 3 spell: Vampiric Draining
  1846 | D:2      | Reached XP level 4. HP: 29/36 MP: 5/8
  2840 | D:3      | Reached skill level 1 in Axes
  3390 | D:3      | Reached XP level 5. HP: 39/42 MP: 0/9
  3616 | D:3      | Found an ancient bone altar of Kikubaaqudgha.
  3617 | D:3      | Noticed a human
  3621 | D:3      | Killed a human
  3632 | D:3      | Became a worshipper of Kikubaaqudgha
  3864 | D:3      | Reached skill level 6 in Necromancy
  4117 | D:4      | Noticed Eustachio
  4177 | D:4      | Reached XP level 6. HP: 31/49 MP: 2/11
  4305 | D:4      | Noticed Robin
  4593 | D:3      | Killed Robin
  4724 | D:4      | Slain by an iron imp

Levels and vault maps discovered:
D:1:      sevenhm_arrival_forest_fort_large_2, layout_loops_ring
D:2:      layout_basic
D:3:      layout_loops_ring, tgw_kikubaaqudgha
D:4:      layout_rooms, first_ration, serial_shops, kennysheep_little_box,
          chequers_decorated_corner, uniq_eustachio, uniq_pikel, uniq_robin

Skill      XL: |  1  2  3  4  5 |
---------------+----------------+-----
Spellcasting   | 2 3 |  3.6
Necromancy     | 5 6 |  6.2
Axes           | 1 2 |  2.8
Dodging        | |  2.1
Stealth        | |  2.5

Action                   |  1- 3 |  4- 6 || total
-------------------------+-------+-------++-------
Melee: Dagger            |    21 |       ||    21
       War axe           |     4 |    50 ||    54
 Cast: Pain              |    66 |    32 ||    98
       Vampiric Draining |       |    47 ||    47
  Use: Scroll            |       |     2 ||     2
       Potion            |       |     1 ||     1
  Eat: Chunk             |     4 |     6 ||    10
       Ration            |       |     2 ||     2
Armor: Robe              |     6 |    31 ||    37
Dodge: Dodged            |    36 |   107 ||   143

Table legend:
 A = Non-vault XP
 B = Vault XP
 C = Vault XP percentage of total XP
 D = Non-vault monster count
 E = Vault monster count
 F = Vault count percentage of total count
                 A         B        C        D         E       F
            +---------+---------+-------+---------+---------+-------
      Total |     404 |      35 |   8.0 |      84 |      12 |  12.5
            +---------+---------+-------+---------+---------+-------
        D:1 |      58 |       0 |   0.0 |      24 |       0 |   0.0
        D:2 |      66 |       0 |   0.0 |      24 |       0 |   0.0
        D:3 |     208 |      18 |   8.0 |      31 |       3 |   8.8
        D:4 |      72 |      17 |  19.1 |       5 |       9 |  64.3
            +---------+---------+-------+---------+---------+-------
